Map: 얼어붙은 사원

Players

Scarlett

  • Race: Zerg Zerg
  • League: Diamond

Solar - Winner!

  • Race: Zerg Zerg
  • League: Grandmaster

VOD

Have the link to the VOD?

Description

Time

  • Played on: April 14, 2016, 3:04 a.m.
  • Length: 7:00
Show
View Real Time Build Order
Export as new Build Order

Scarlett Zerg 

Build Orders: Pool First 

Get SALT Encoding   

  12  0:00  Drone  
  13  0:08  Drone  
  14  0:17  Overlord  
  14  0:22  Extractor  
  14  0:23  Drone  
  15  0:36  Drone x2  
  17  0:46  Spawning Pool  
  17  0:48  Drone  
  17  0:54  Drone  
  18  0:58  Extractor  
  17  1:05  Drone  
  18  1:17  Hatchery  
  17  1:22  Drone  
  18  1:33  Queen  
  18  1:34  Zergling x2  
  21  1:40  Drone  
  22  1:47  Overlord  
  22  1:57  Metabolic Boost  
  22  2:08  Queen  
  22  2:13  Drone x2  
  26  2:18  Evolution Chamber  
  25  2:26  Drone  
  26  2:30  Queen  
  26  2:34  Drone x2  
  30  2:43  Drone  
  30  2:44  Zerg Melee Weapons Level 1  
  31  2:47  Overlord  
  31  2:50  Zergling x2  
  32  2:54  Drone  
  32  2:56  Zergling x2  
  34  3:02  Spine Crawler  
  33  3:13  Drone x4  
  37  3:20  Zergling x6  
  37  3:23  Drone  
  41  3:36  Drone x2  
  41  3:37  Drone  
  41  3:38  Lair  
  44  3:42  Overlord, Extractor  
  44  3:46  Drone  
  44  3:47  Overlord  
  44  3:51  Extractor  
  44  3:54  Drone  
  44  3:57  Baneling Nest  
  44  4:02  Drone  
  44  4:03  Drone x3  
  44  4:07  Drone x2  
  49  4:12  Drone  
  50  4:18  Drone  
  50  4:19  Drone x2  
  53  4:27  Extractor, Drone  
  53  4:31  Drone x4  
  57  4:39  Spire  
  57  4:40  Drone  
  57  4:41  Zergling x2  
  58  4:50  Zergling x4  
  60  4:55  Overlord x2  
  60  5:03  Overlord  
  60  5:14  Spine Crawler  
  59  5:15  Spine Crawler  
  59  5:18  Spine Crawler  
  57  5:21  Spine Crawler, Baneling  
  57  5:22  Spine Crawler, Baneling x4  
  57  5:24  Zergling x2  
  56  5:32  Zergling x8  
  51  5:48  Zergling x6  
  51  5:49  Zergling x8  
  39  5:58  Queen  
  40  6:04  Mutalisk  
  40  6:05  Mutalisk  
  37  6:13  Mutalisk  
  37  6:18  Mutalisk  
  39  6:28  Mutalisk  
Show
View Real Time Build Order
Export as new Build Order

Solar Zerg - Winner!

Build Orders: Hatch First 

Get SALT Encoding   

  12  0:00  Drone  
  13  0:12  Overlord  
  13  0:17  Drone  
  14  0:30  Drone x2  
  14  0:35  Drone  
  17  0:51  Hatchery  
  17  0:54  Drone  
  17  0:59  Drone  
  18  1:06  Extractor  
  17  1:13  Spawning Pool  
  17  1:17  Drone  
  17  1:19  Drone  
  18  1:28  Drone  
  19  1:38  Overlord  
  19  1:55  Drone  
  19  2:00  Queen  
  22  2:01  Zergling x2  
  22  2:03  Queen  
  22  2:04  Zergling x2  
  22  2:07  Metabolic Boost  
  26  2:12  Drone  
  26  2:15  Drone  
  28  2:24  Drone  
  28  2:25  Drone  
  28  2:28  Baneling Nest  
  29  2:32  Drone  
  29  2:36  Drone  
  31  2:47  Drone  
  31  2:48  Zergling x2  
  33  2:56  Zergling x2  
  34  3:01  Overlord  
  34  3:05  Hatchery, Drone  
  35  3:10  Drone  
  35  3:11  Drone  
  35  3:13  Baneling  
  35  3:20  Drone x5  
  35  3:22  Zergling x2  
  41  3:28  Overlord  
  41  3:31  Baneling  
  41  3:35  Overlord  
  41  3:45  Extractor  
  41  3:46  Roach Warren  
  39  3:50  Drone x2  
  39  3:52  Drone  
  39  3:54  Drone  
  44  3:55  Drone  
  44  3:56  Zergling x6  
  44  4:00  Overlord  
  47  4:03  Overlord  
  47  4:17  Queen  
  47  4:18  Drone  
  50  4:27  Roach x6  
  50  4:30  Roach  
  63  4:33  Roach  
  63  4:34  Zergling x2  
  66  4:38  Overlord  
  66  4:43  Roach x2  
  70  4:51  Zergling x8  
  73  4:59  Overlord  
  73  5:01  Zergling x10  
  73  5:05  Overlord  
  78  5:14  Baneling x6  
  78  5:15  Zergling x6  
  80  5:22  Baneling  
  80  5:25  Baneling x6, Zergling x2  
  80  5:26  Zergling x4  
  82  5:38  Zergling x4  
  82  5:39  Zergling x6  
  82  5:40  Baneling x2  
  74  5:50  Zergling x2  
  74  5:51  Zergling x12  
  76  5:57  Baneling x2  
  76  5:59  Zergling x6  
  76  6:00  Ravager  
  69  6:13  Zergling x2  
  69  6:14  Zergling x10  
  69  6:15  Baneling x4  
  67  6:20  Zergling x2  
  67  6:21  Zergling x4  
  67  6:23  Baneling x2  
  70  6:31  Roach x3  
  75  6:35  Zergling x10  
Tags
 
Add a new tag
Caveats
  • Supply blocks, unpowered buildings, or Contaminate may cause inaccurate times.
  • Supply counts are checked every 10 seconds.